 Dungeon Crawl Stone Soup version 0.29-a0-359-g541a27f54d (webtiles) character file.

Game seed: 2392860465127546681

35 domi the Conjurer (level 3, -10/24 HPs)
             Began as a Demonspawn Hedge Wizard on Apr 27, 2022.
             Killed by divine providence
             ... invoked by an orc priest
              (12 damage)
             ... on level 6 of the Dungeon.
             The game lasted 00:02:17 (1610 turns).

domi the Conjurer (Demonspawn Hedge Wizard)         Turns: 1610, Time: 00:02:17

Health: -10/24     AC:  4    Str: 10    XL:     3   Next: 16%
Magic:  1/7        EV: 12    Int: 17    God:
Gold:   75         SH:  0    Dex: 12    Spells: 7/8 levels left

rFire   . . .      SeeInvis .   a - +0 dagger
rCold   . . .      Faith    .   (no shield)
rNeg    . . .      Spirit   .   b - +0 robe
rPois   .          Reflect  .   c - +0 hat
rElec   .          Harm     .   (no cloak)
rCorr   .          Rampage  .   (no gloves)
Will    .....                   (no boots)
Stlth   ++........              (no amulet)
HPRegen 0.08/turn               (no ring)
MPRegen 0.20/turn               (no ring)

@: no status effects
A: slimy green scales 1, magic regeneration
a: no special abilities


You were on level 6 of the Dungeon.
You visited 1 branch of the dungeon, and saw 5 of its levels.

You collected 75 gold pieces.

Inventory:

Hand Weapons
 a - a +0 dagger (weapon)
Armour
 b - a +0 robe (worn)
 c - a +0 hat (worn)
Potions
 d - a potion of magic
 f - a potion of heal wounds {unknown}
 h - a potion of curing {unknown}


   Skills:
 - Level 1.7 Dodging
 - Level 1.7 Stealth
 - Level 3.0 Spellcasting
 + Level 3.1 Conjurations
 - Level 1.0 Summonings
 - Level 0.8 Translocations


You had 7 spell levels left.
You knew the following spells:

 Your Spells              Type           Power      Damage    Failure   Level
z - Magic Dart            Conj           52%        1d5       4%          1

Your spell library contained the following spells:

 Spells                   Type           Power      Damage    Failure   Level
 Beastly Appendage        Tmut           4%         N/A       17%         1
 Slow                     Hex            8%         N/A       17%         1
 Call Imp                 Summ           5%         N/A       17%         2
 Blink                    Tloc           10%        N/A       19%         2
 Wereblood                Tmut           2%         N/A       26%         2
 Conjure Flame            Conj/Fire      7%         6-21      26%         3
 Mephitic Cloud           Conj/Pois/Air  6%         N/A       34%         3
 Spider Form              Tmut/Pois      2%         N/A       45%         3


Dungeon Overview and Level Annotations

Branches:
Dungeon (6/15)
 Temple: D:4-7

Altars:

Shops:
D:5 (

Annotations:
D:6 exclusion: jelly


Innate Abilities, Weirdness & Mutations

You are partially covered in slimy green scales. (AC +2)
You regenerate magic rapidly.


Message History

* * * LOW HITPOINT WARNING * * *
There is a stone staircase leading down here.
You take 13 damage, and have 4/24 hp.
MASSIVE DAMAGE!!
The giant cockroach barely misses you.
You climb downwards.
You hear the sound of rushing water.
There is an entrance to a sewer on this level.
Hurry and find it before the portal rusts away!
Found Ucrusat's Antique Weapon Shop.
Found an escape hatch in the floor.
Found a stone staircase leading down.
There is a stone staircase leading up here.
The jelly quivers.
There is an entrance to Ucrusat's Antique Weapon Shop here.
The giant cockroach attacks as you move away!
The giant cockroach barely misses you.
A quokka comes into view.
The giant cockroach bites you but does no damage.
There is a stone staircase leading down here.
The giant cockroach closely misses you.
You climb downwards.
Found a bubbling white potion and a dagger.
Found a stone staircase leading down.
There is a stone staircase leading up here.
An orc comes into view. It is wielding a +0 mace.
The giant cockroach attacks as you move away!
The giant cockroach bites you but does no damage.
An orc priest comes into view. It is wielding a +0 club.
An orc comes into view. It is wielding a +0 morningstar.
The giant cockroach closely misses you.
The giant cockroach attacks as you move away!
The giant cockroach barely misses you.
An orc comes into view. It is wielding a +0 whip.
The giant cockroach bites you.
* * * LOW HITPOINT WARNING * * *
You take 1 damage, and have 4/24 hp.
You hit the giant cockroach. The giant cockroach barely misses you.
The giant cockroach closely misses you.
Aim: a giant cockroach (100% to hit)
The magic dart hits the giant cockroach.
The giant cockroach misses you.
You now have 6/7 mp.
Aim: a giant cockroach (moderately wounded, 100% to hit)
The magic dart hits the giant cockroach.
The orc shouts!
The giant cockroach bites you but does no damage.
You now have 5/7 mp.
Aim: a giant cockroach (severely wounded, 100% to hit)
The magic dart hits the giant cockroach but does no damage.
The giant cockroach closely misses you.
An orc priest comes into view. It is wielding a +0 falchion.
An orc priest comes into view. It is wielding a +0 dagger.
You now have 4/7 mp.
Aim: a giant cockroach (severely wounded, 100% to hit)
The magic dart hits the giant cockroach.
You kill the giant cockroach!
The orc priest shouts! x2
You now have 3/7 mp.
Aim: an orc priest, wielding a +0 falchion and wearing a +0 leather armour (100% to hit)
The magic dart hits the orc priest but does no damage.
Unknown command.
Okay, then.
The orc priest miscasts a cantrip.
Aim: an orc priest, wielding a +0 falchion and wearing a +0 leather armour (100% to hit)
The magic dart hits the orc priest.
You now have 3/7 mp.
Aim: an orc priest, wielding a +0 falchion and wearing a +0 leather armour (lightly wounded, 100% to hit)
The magic dart hits the orc priest.
You now have 2/7 mp.
Aim: an orc priest, wielding a +0 falchion and wearing a +0 leather armour (lightly wounded, 100% to hit)
The magic dart hits the orc priest.
The orc priest casts a cantrip, but nothing happens.
You now have 1/7 mp.
Aim: an orc priest, wielding a +0 falchion and wearing a +0 leather armour (moderately wounded, 100% to hit)
The magic dart hits the orc priest but does no damage.
The orc priest hits you but does no damage.
You now have 0/7 mp.
You don't have enough magic to cast this spell.
You don't have enough magic to cast this spell.
Unknown command.
You hit the orc priest but do no damage.
The orc priest barely misses you.
You hit the orc priest.
The orc priest hits you with a +0 falchion.
* * * LOW HITPOINT WARNING * * *
You take 1 damage, and have 5/24 hp.
Aim: an orc priest, wielding a +0 falchion and wearing a +0 leather armour (moderately wounded, 100% to hit)
The magic dart hits the orc priest but does no damage.
The orc priest hits you with a +0 falchion.
* * * LOW HITPOINT WARNING * * *
The orc priest begins to cast a cantrip, but forgets the words!
You take 3 damage, and have 2/24 hp.
You now have 0/7 mp.
The orc priest casts a cantrip, but nothing happens.
The orc priest attacks as you move away!
The orc priest hits you but does no damage.
The orc priest attacks as you move away!
The orc priest hits you but does no damage.
The orc priest calls down the wrath of Beogh upon you.
Beogh smites you!
Ouch! That really hurt!
You die...

.# .# ###.###
#..... #.#.#
###...###.....
#.o.....#.#...
#o##@.#.....o
#.##..#...).
#.##..#!..# .o
#o##..#o..# ..#
#.##......#...#
#.............#
####.........o.
######........##o
.......<..#.#.#


You could see an orc priest.

Vanquished Creatures
  An adder (D:2)
  A bat (D:1)
  3 endoplasms
  A giant cockroach (D:6)
  3 goblins (D:1)
  2 hobgoblins (D:1)
  4 jackals (D:1)
  2 kobolds (D:1)
  2 ball pythons (D:1)
  A frilled lizard (D:1)
  2 rats (D:1)
22 creatures vanquished.

Notes
Turn   | Place    | Note
-------+----------+-------------------------------------------
     0 | D:1      | domi the Demonspawn Hedge Wizard began the quest for the
                  | Orb.
     0 | D:1      | Reached XP level 1. HP: 13/13 MP: 4/4
   503 | D:1      | Reached skill level 2 in Conjurations
   568 | D:1      | Gained mutation: You regenerate magic rapidly. [demonic
                  | ancestry]
   568 | D:1      | Reached XP level 2. HP: 19/19 MP: 4/6
  1410 | D:2      | Reached skill level 3 in Conjurations
  1410 | D:2      | Gained mutation: You are partially covered in slimy green
                  | scales. (AC +2) [demonic ancestry]
  1410 | D:2      | Reached XP level 3. HP: 14/24 MP: 1/7
  1563 | D:2      | You fall into a shaft and drop 2 floors!
  1574 | D:4      | HP: 4/24 [orc priest/divine providence (13)]
  1576 | D:5      | Entered Level 5 of the Dungeon
  1576 | D:5      | Found Ucrusat's Antique Weapon Shop.
  1587 | D:6      | HP: 4/24 [giant cockroach (1)]
  1606 | D:6      | HP: 5/24 [orc priest/+0 falchion (1)]
  1607 | D:6      | HP: 2/24 [orc priest/+0 falchion (3)]
  1610 | D:6      | Killed from afar by an orc priest

Illustrated notes

Levels and vault maps discovered:
D:1:      co_arrival_square_in_a_square_in_a_square, layout_basic, minivault_26,
          minmay_pentomino_t2
D:2:      layout_loops_cross, minmay_misc_feat_cross, uniq_sigmund,
          uniq_terence, uniq_natasha
D:4:      layout_cave_pools, gammafunk_temple_overflow_wave,
          minmay_temple_entry_statues_fountains, kennysheep_generic_room_2
D:5:      layout_cave_pools, cheibrodos_sewer_entry_drain, serial_shops,
          nicolae_shop_crystal, nicolae_shop_bloodbath_and_beyond,
          nicolae_stop_n_shop_1, item_on_display_a
D:6:      layout_basic

Skill      XL: |  1  2 |
---------------+-------+-----
Conjurations   | 2 3 |  3.1
Dodging        | |  1.7
Stealth        | |  1.7
Spellcasting   | |  3.0
Summonings     | |  1.0
Translocations | |  0.8

Action                   || total
-------------------------++-------
Melee: Dagger            ||    37
 Cast: Magic Dart        ||    64
  Use: Scroll            ||     2
 Stab: Sleeping          ||     1
Armor: Robe              ||    19
Dodge: Dodged            ||    48

Table legend: (Time is in decaauts)
 A = Elapsed time spent in this place.
 B = Non-inter-level travel time spent in this place.
 C = Inter-level travel time spent in this place.
 D = Time resting spent in this place.
 E = Time spent auto-exploring this place.
 F = Levels seen in this place.
 G = Mean time per level.
                   A        B        C        D        E       F      G
               +--------+--------+--------+--------+--------+-----+--------+
         Total |   1609 |   1598 |     11 |    473 |    940 |   5 |  321.8 |
       Dungeon |   1609 |   1598 |     11 |    473 |    940 |   5 |  321.8 |
               +--------+--------+--------+--------+--------+-----+--------+

Top non-repeatable levels by time:
     D:1: 1403 daAuts
     D:2: 159 daAuts
     D:6: 27 daAuts
     D:4: 12 daAuts
     D:5: 5 daAuts

Table legend:
 A = Kills in this place as a percentage of kills in entire the game.
 B = Kills by you in this place as a percentage of kills by you in the entire game.
 C = Kills by friends in this place as a percentage of kills by friends in the entire game.
 D = Other kills in this place as a percentage of other kills in the entire game.
 E = Experience gained in this place as a percentage of experience gained in the entire game.
 F = Experience gained in this place divided by the number of levels of this place that you have seen.
                   A       B       C       D       E      F
               +-------+-------+-------+-------+-------+----------------------
         Total | 100.0 | 100.0 |   N/A |   N/A | 100.0 |  10.0
       Dungeon | 100.0 | 100.0 |   N/A |   N/A | 100.0 |  10.0
               +-------+-------+-------+-------+-------+----------------------
